 Dungeon Crawl Stone Soup version 0.30-b1-2-g02819fbbbe (webtiles) character file.

Game seed: 15254899872482614331

28 Alarkh the Shooter (level 2, 0/21 HPs)
             Began as a Demonspawn Hexslinger on July 7, 2023.
             Slain by a hobgoblin
             ... wielding a +0 heavy glaive
              (21 damage)
             ... on level 2 of the Dungeon.
             The game lasted 00:00:41 (705 turns).

Alarkh the Shooter (Demonspawn Hexslinger)           Turns: 705, Time: 00:00:42

Health: 0/21       AC:  3    Str: 10    XL:     2   Next: 96%
Magic:  3/3        EV: 12    Int: 14    God:
Gold:   72         SH:  0    Dex: 13    Spells: 2/3 levels left

rFire   . . .        a - +1 sling
rCold   . . .        (no shield)
rNeg    . . .        c - +0 robe
rPois   .            (no helmet)
rElec   .            (no cloak)
rCorr   .            (no gloves)
SInv    .            (no boots)
Will    .....        (no amulet)
Stlth   +            (no ring)
HPRegen 0.23/turn    (no ring)
MPRegen 0.08/turn

%: no passive effects
@: no status effects
A: sharp scales 1
a: no special abilities


You were on level 2 of the Dungeon.
You visited 1 branch of the dungeon, and saw 2 of its levels.

You collected 72 gold pieces.

Inventory:

Hand Weapons
 a - a +1 sling (weapon)
Armour
 c - a +0 robe (worn)
Jewellery
 d - a ring of protection from cold
Scrolls
 b - a scroll of poison
 e - 3 scrolls of identify {unknown}
 g - 2 scrolls of immolation {unknown}
 i - a scroll of fear {unknown}
 j - a scroll of blinking {unknown}
Potions
 f - a potion of might {unknown}
 h - 2 potions of mutation {unknown}
 k - a potion of degeneration {unknown}


   Skills:
 - Level 1.0 Fighting
 + Level 3.2 Ranged Weapons
 - Level 1.7 Dodging
 - Level 1.0 Spellcasting
 - Level 3.0 Hexes


You had 2 spell levels left.
You knew the following spells:

 Your Spells              Type           Power      Damage    Failure   Level
a - Slow                  Hex            36%        N/A       8%          1

Your spell library contained the following spells:

 Spells                   Type           Power      Damage    Failure   Level
 Ensorcelled Hibernation  Hex/Ice        8%         N/A       22%         2
 Apportation              Tloc           0%         N/A       26%         1
 Passwall                 Tmut/Erth      0%         N/A       36%         2
 Inner Flame              Hex/Fire       4%         N/A       38%         3
 Portal Projectile        Hex/Tloc       8%         N/A       38%         3
 Cause Fear               Hex            4%         N/A       58%         4
 Swiftness                Air            0%         N/A       61%         3
 Alistair's Intoxication  Tmut/Pois      0%         N/A       100%        5


Dungeon Overview and Level Annotations

Branches:
Dungeon (2/15)

Altars:


Innate Abilities, Weirdness & Mutations

You are partially covered in razor-sharp scales. (AC +1, Slay +1)


Message History

No target in view!
An orc comes into view. It is wielding a +0 dagger.
The orc shouts!
An orc is nearby!
An orc is nearby!
An orc is nearby!
You shoot a sling bullet. The sling bullet hits the orc.
The orc is moderately wounded.
You shoot a sling bullet. The sling bullet hits the orc!
You kill the orc!
No target in view!
You now have 72 gold pieces (gained 16).
Found a leather armour.
You see here a +0 leather armour.
A rat comes into view.
Found a sling.
A rat is nearby!
You shoot a sling bullet.
The sling bullet hits the rat but does no damage.
You shoot a sling bullet. The sling bullet hits the rat.
You kill the rat!
No target in view!
You see here a +0 sling.
You open the door.
There is an open door here.
A hobgoblin comes into view. It is wielding a +0 heavy glaive.
The hobgoblin shouts!
A hobgoblin is nearby!
A hobgoblin is nearby!
You shoot a sling bullet.
The sling bullet completely misses the hobgoblin.
You shoot a sling bullet.
The sling bullet closely misses the hobgoblin.
You shoot a sling bullet. The sling bullet hits the hobgoblin.
The hobgoblin is moderately wounded.
You shoot a sling bullet.
The sling bullet barely misses the hobgoblin.
The hobgoblin hits you from afar with a +0 heavy glaive!!
Ouch! That really hurt!
You die...

####.#+#.##.######
#........##...[..#
#........#######.#
#........#.....#.#
#.....)...<....#.#
#.......########.#
#......)'.)......#
#.......###############
####...........@.g.....
####################


You could see a hobgoblin.

Vanquished Creatures
  An orc (D:2)
  An endoplasm (D:1)
  A giant cockroach (D:1)
  3 goblins
  4 hobgoblins (D:1)
  A quokka (D:1)
  3 ball pythons (D:1)
  2 frilled lizards (D:1)
  6 kobolds (D:1)
  A rat (D:2)
23 creatures vanquished.

Notes
Turn   | Place    | Note
-------+----------+-------------------------------------------
     0 | D:1      | Alarkh the Demonspawn Hexslinger began the quest for the
                  | Orb.
     0 | D:1      | Reached XP level 1. HP: 15/15 MP: 2/2
   149 | D:1      | Gained mutation: You are partially covered in razor-sharp
                  | scales. (AC +1, Slay +1) [demonic ancestry]
   149 | D:1      | Reached XP level 2. HP: 21/21 MP: 3/3
   705 | D:2      | Slain by a hobgoblin

Illustrated notes

Levels and vault maps discovered:
D:1:      tarquinn_simple_flora_water_d, layout_loops_ring
D:2:      layout_basic, basic_altar

Skill      XL: |  1  2 |
---------------+-------+-----
Ranged Weapons | 2 3 |  3.2
Fighting       | |  1.0
Dodging        | |  1.7
Spellcasting   | |  1.0
Hexes          | |  3.0

Action                     || total
---------------------------++-------
   Fire: Sling             ||    61
 Armour: Robe              ||     4
  Dodge: Dodged            ||     9
